cohdb
Replays
Latest Replays
All Replays
Popular Replays
Top Player Replays
Match Explorer
How It Works
Community
CoH3 Stats
Reddit
Sign in to upload your games and track your stats! →
Sign in with Steam
Match 48029739
Unlisted
Match 48029739
Overview
Messages
Build Orders
End
Construct Section Command Post
Vickers Machine Gun Team
Selects Air and Sea Battlegroup
Infantry Section
Infantry Section
Grenade Package
Construct Platoon Command Post
CMP 15cwt Truck
Selects Commando Section Paradrop
Selects Commando Support Section Paradrop
Commando Support Section Paradrop
Commando Section Paradrop
Selects Supply Surplus
Construct Resource Cache
Forward Retreat Point
6-pounder Anti-tank Gun Team
Construct Company Command Post
Crusader II Medium Tank
Unlock M3 Grant Medium Tanks
Selects Anti-tank Rocket Loiter
Construct Resource Cache
Anti-tank Rocket Loiter
Commando Section Paradrop
M3 Grant Medium Tank
Forward Retreat Point
Shingles
Gunshy
Vakileo
spartan-707
cemsettin
HomeStation
0
0
Comments
sign in to comment!
No comments posted yet!